 Dungeon Crawl Stone Soup version 0.29.0-5-ge4962eb29e (webtiles) character file.

Game seed: 17973705416561499924

27651 Zeldest the Brawler (level 13, -9/199 HPs)
             Began as a Troll Chaos Knight on Aug 29, 2022.
             Was a Plaything of Xom.
             Mangled by a sixfirhy (12 damage)
             ... in a Gauntlet.
             The game lasted 00:17:56 (9004 turns).

Zeldest the Brawler (Troll Chaos Knight)            Turns: 9004, Time: 00:17:57

Health: -9/199     AC: 26    Str: 30 (31) XL:     13   Next: 5%
Magic:  12/12      EV:  1    Int: 16      God:    Xom [.*....]
Gold:   403        SH:  0    Dex:  7      Spells: 12/12 levels left

rFire   . . .      SeeInvis .     - Unarmed
rCold   . . .      Faith    .   (no shield)
rNeg    . . .      Spirit   .   (body armour currently unavailable)
rPois   +          Reflect  .   (helmet currently unavailable)
rElec   .          Harm     .   (cloak currently unavailable)
rCorr   .          Rampage  .   (gloves unavailable)
Will    .....      NoTele   +   (boots unavailable)
Stlth   +.........              t - amulet of regeneration
HPRegen 2.03/turn               w - +6 ring of strength
MPRegen 0.13/turn               (no ring)

@: tree-form (expiring), on berserk cooldown, hasted and slowed
A: stationary, stasis, torment immunity, boosted hp, large, unfitting armour,
(claws 3), regeneration 1, (shaggy fur 1), (tough skin 1), (antennae 1),
(iridescent scales 3), clever 2, (deformed body), inability to drink after
injury 1
a: Renounce Religion


You were in a Gauntlet.
You worshipped Xom.
You were a plaything of Xom.
You were a tree.
You visited 4 branches of the dungeon, and saw 17 of its levels.
You also visited: Gauntlet.

You collected 735 gold pieces.
You spent 332 gold pieces at shops.

Inventory:

Missiles
 A - a javelin
Armour
 x - the +2 ratskin cloak (melded) {*Rats rPois rN+ Str-1 Int-1 Dex+1}
   (You found it on level 5 of the Dungeon)

   When the wearer is hurt, rats may emerge from it to assist them.
   Str:       It affects your strength (-1).
   Int:       It affects your intelligence (-1).
   Dex:       It affects your dexterity (+1).
   rPois:     It protects you from poison.
   rN:        It protects you from negative energy.
 M - a +2 robe of fire resistance (melded)
Jewellery
 t - an amulet of regeneration (around neck)
 w - a +6 ring of strength (left branch)
Wands
 b - a wand of mindburst (6)
 c - a wand of flame (9)
 v - a wand of roots (6)
 J - a wand of paralysis (14)
Scrolls
 g - 4 scrolls of blinking
 j - 5 scrolls of teleportation
 k - 4 scrolls of fear
 l - 2 scrolls of immolation
 o - 2 scrolls of noise
 r - 2 scrolls of poison
 s - 3 scrolls of amnesia
 u - a scroll of brand weapon
 y - 2 scrolls of magic mapping
 C - a scroll of butterflies {unknown}
 D - 3 scrolls of vulnerability
 G - a scroll of silence {unknown}
Potions
 e - 3 potions of degeneration
 h - 2 potions of mutation
 i - 2 potions of invisibility
 m - 3 potions of ambrosia
 n - 3 potions of cancellation
 p - 3 potions of attraction
 q - 3 potions of flight
 z - 2 potions of curing
 B - 2 potions of brilliance
 H - 5 potions of might
Miscellaneous
 F - a piece from Xom's chessboard (15/15)
 K - a lightning rod (4/4)


   Skills:
 + Level 10.2 Fighting
 + Level 9.1 Throwing
 + Level 5.0 Armour
 - Level 1.9 Dodging
 + Level 15.3 Unarmed Combat


You had 12 spell levels left.
You didn't know any spells.
Your spell library contained the following spells:

 Spells                   Type           Power      Damage    Failure   Level
 Apportation              Tloc           0%         N/A       26%         1
 Magic Dart               Conj           0%         1d3       26%         1
 Necrotise                Necr           0%         1d4       26%         1
 Summon Small Mammal      Summ           0%         N/A       26%         1
 Blink                    Tloc           0%         N/A       36%         2
 Call Imp                 Summ           0%         N/A       36%         2
 Ensorcelled Hibernation  Hex/Ice        0%         N/A       36%         2
 Passwall                 Tmut/Erth      0%         N/A       36%         2
 Static Discharge         Conj/Air       0%         3-3/arc   36%         2
 Call Canine Familiar     Summ           0%         N/A       58%         3
 Lesser Beckoning         Tloc           0%         N/A       58%         3
 Mephitic Cloud           Conj/Pois/Air  0%         N/A       58%         3
 Ozocubu's Armour         Ice            0%         N/A       58%         3
 Portal Projectile        Hex/Tloc       0%         N/A       58%         3
 Swiftness                Air            0%         N/A       58%         3
 Leda's Liquefaction      Hex/Erth       0%         N/A       94%         4
 Alistair's Intoxication  Tmut/Pois      0%         N/A       100%        5
 Iskenderun's Battlesphe  Conj           0%         2d6       100%        5
 Lightning Bolt           Conj/Air       0%         1d11      100%        5
 Manifold Assault         Tloc           0%         N/A       100%        5
 Metabolic Englaciation   Hex/Ice        0%         N/A       100%        5
 Iron Shot                Conj/Erth      0%         9d1       100%        6
 Simulacrum               Ice/Necr       0%         N/A       100%        6
 Spellforged Servitor     Conj/Summ      0%         N/A       100%        7
 Maxwell's Capacitive Co  Air            0%         ∞         100%        8


Dungeon Overview and Level Annotations

Branches:
Dungeon (10/15)            Temple (1/1) D:5            Lair (5/5) D:10
  Slime (1/5) Lair:5      Gauntlet (1/1)
  Swamp: Lair:2-3    Shoals: Lair:2-3     Snake: Lair:2-3    Spider: Lair:2-3
    Orc: D:9-12

Altars:
Ashenzari
Cheibriados
Dithmenos
Elyvilon
Fedhas
Gozag
Hepliaklqana
Kikubaaqudgha
Makhleb
Nemelex Xobeh
Okawaru
Qazlal
Ru
Sif Muna
Trog
Uskayaw
Vehumet
Wu Jian
Xom
Zin
The Shining One

Shops:
D:8 *   D:10 (!==?(*!

Annotations:
D:3 2 transporters Gauntlet 11 transporters


Innate Abilities, Weirdness & Mutations

You are a tree.
Your roots penetrate the ground, keeping you stationary.
You cannot be teleported.
You are immune to unholy pain and torment.
Your maximum health is greatly increased.
Your equipment is partially melded.
You are too large for most types of armour.
((You have claws for hands.))
Your natural rate of healing is unusually fast.
((You are covered in fur. (AC +1)))
((You have tough skin. (AC +1)))
((You have a pair of small antennae on your head.))
((You are completely covered in iridescent scales. (AC +6)))
Your mind is very acute. (Int +8, Str/Dex -2)
((Armour fits poorly on your strangely shaped body.))
You occasionally lose the ability to drink potions when taking damage.


Message History

You completely miss the sixfirhy.
The sixfirhy is lightly wounded.
The sixfirhy hits you but does no damage. x3
You hit the sixfirhy. Your punch misses the sixfirhy.
The sixfirhy is heavily wounded.
Your transformation is almost over.
The sixfirhy hits you but does no damage.
The sixfirhy hits you.
* * * LOW HITPOINT WARNING * * *
The sixfirhy shocks you!
* * * LOW HITPOINT WARNING * * *
The sixfirhy hits you but does no damage. x2
The sixfirhy hits you!
* * * LOW HITPOINT WARNING * * *
The sixfirhy shocks you!
* * * LOW HITPOINT WARNING * * *
You hit the sixfirhy. Your punch misses the sixfirhy.
The sixfirhy is heavily wounded.
The sixfirhy hits you but does no damage. x3
The sixfirhy hits you!
* * * LOW HITPOINT WARNING * * *
The sixfirhy shocks you!
* * * LOW HITPOINT WARNING * * *
You hit the sixfirhy but do no damage.
The sixfirhy is heavily wounded.
The sixfirhy hits you.
* * * LOW HITPOINT WARNING * * *
The sixfirhy shocks you!
* * * LOW HITPOINT WARNING * * *
The sixfirhy hits you but does no damage. x2
You feel better.
You feel better. The sixfirhy hits you.
* * * LOW HITPOINT WARNING * * *
The sixfirhy shocks you!
* * * LOW HITPOINT WARNING * * *
The sixfirhy hits you.
* * * LOW HITPOINT WARNING * * *
The sixfirhy shocks you!
You die...
Xom thinks this is hilarious!

##...#..##..[#####..#P.#..##.
#≈...#.xxxXXx#...#4..#..#.=#.
##...#########...#25..#..#.#.
#§§..............###########.
##§8.....8.....8.............
##.....................8.....8
#≈...###########..............
##...#.......^.#...#########..
#≈.∩.#..^...3♣.#...#2##..###..
##...#..#P..#3$######..##.[#..
#≈...#.....P...#...#.##.#..#..
##.8©#....©...©#©.©##.#©.#©#.8
#≈...#......P.?#...#.#.#.#=#..
##...#..#...#.[#####.#..##(#..
#≈.∩.#.........#...##.##.2##..
##§§.#.......^.#...#########..
#§§..###########..............


You could see 2 blizzard demons, 2 thrashing horrors, an ice devil, 2
sixfirhies, 4 small abominations and a white imp.

Vanquished Creatures
  Nessos (Lair:3)
  Josephine (Lair:4)
  A hydra (Lair:3)
  2 death yaks (Lair:3)
  Amaemon (Lair:1)
  2 sixfirhies (Gauntlet)
  9 elephants
  Maurice (D:9)
  4 black mambas
  6 cane toads
  An orange demon (Lair:1)
  3 komodo dragons
  A rime drake (Lair:1)
  A polar bear (Lair:3)
  2 hornets
  13 blink frogs
  Sigmund (D:4)
  A spriggan (Lair:5)
  A shadow (D:10)
  3 wraiths (Lair:4)
  13 yaks
  2 wyverns
  2 vampire mosquitoes (D:9)
  3 steam dragons (D:9)
  An acid dragon (D:9)
  9 water moccasins
  3 orc warriors
  4 sky beasts
  A boggart (D:8)
  3 centaurs
  13 wolves
  3 ogres
  2 kobold brigands
  7 bullfrogs
  3 scorpions
  8 wights
  2 killer bees (D:7)
  A vampire bat (D:8)
  3 electric eels (D:10)
  3 howler monkeys
  A crimson imp (D:7)
  3 jellies
  Crazy Yiuf (D:3)
  2 orc priests
  4 iguanas
  6 orc wizards
  2 hell rats (D:5)
  7 gnolls
  An adder (D:2)
  20 river rats (D:5)
  A shadow imp (D:5)
  2 white imps
  An ufetubus (D:5)
  2 worms (D:2)
  2 dart slugs
  20 orcs
  9 endoplasms
  2 giant cockroaches
  3 goblins (D:4)
  13 hobgoblins
  3 jackals (D:5)
  20 kobolds
  4 quokkas
  8 ball pythons
  14 bats
  A frilled lizard (D:1)
  9 rats
302 creatures vanquished.

Vanquished Creatures (collateral kills)
  A hydra (Lair:5)
  3 elephants (Lair:5)
  2 blink frogs (Lair:4)
  3 yaks
  A human (Lair:5)
  2 killer bees (D:7)
12 creatures vanquished.

Vanquished Creatures (others)
  A komodo dragon (Lair:3)
  23 demonic plants (Gauntlet)
  4 fungi
  19 plants
47 creatures vanquished.

Grand Total: 361 creatures vanquished

Notes
Turn   | Place    | Note
-------+----------+-------------------------------------------
     0 | D:1      | Zeldest the Troll Chaos Knight began the quest for the Orb.
     0 | D:1      | Reached XP level 1. HP: 22/22 MP: 0/0
   145 | D:1      | Reached XP level 2. HP: 29/29 MP: 1/1
   603 | D:2      | Reached skill level 4 in Unarmed Combat
   603 | D:2      | Reached XP level 3. HP: 35/36 MP: 2/2
  1057 | D:3      | Reached XP level 4. HP: 39/45 MP: 3/3
  1098 | D:3      | XOM: potion effect (invisibility)
  1115 | D:3      | Found a glowing golden altar of the Shining One.
  1263 | D:3      | Found a transporter.
  1267 | D:3      | Found a transporter.
  1276 | D:3      | Found a faded altar of an unknown god.
  1368 | D:3      | XOM: give mutations
  1368 | D:3      | Gained mutation: You occasionally lose the ability to drink
                  | potions when taking damage. [Xom's mischief]
  1368 | D:3      | Gained mutation: Your mind is acute. (Int +4, Str/Dex -1)
                  | [Xom's mischief]
  1368 | D:3      | Gained mutation: Armour fits poorly on your strangely
                  | shaped body. [Xom's mischief]
  1368 | D:3      | Gained mutation: You are clumsy. (Dex -2) [Xom's mischief]
  1454 | D:3      | XOM: summons 3 hostile demons
  1462 | D:3      | XOM: smoke on damage
  1622 | D:3      | Found a runed translucent door.
  1623 | D:3      | Noticed Crazy Yiuf
  1632 | D:3      | Killed Crazy Yiuf
  1633 | D:3      | Reached skill level 5 in Unarmed Combat
  1633 | D:3      | Reached XP level 5. HP: 7/53 MP: 4/4
  1887 | D:4      | Noticed a sky beast
  1897 | D:4      | Killed a sky beast
  1898 | D:4      | Reached skill level 6 in Unarmed Combat
  1898 | D:4      | Reached XP level 6. HP: 46/62 MP: 5/5
  1947 | D:4      | XOM: smoke on damage
  1949 | D:4      | XOM: 1-stop teleportation journey
  2005 | D:4      | XOM: give mutations
  2005 | D:4      | Gained mutation: You are occasionally teleported next to
                  | monsters. [Xom's mischief]
  2005 | D:4      | Lost mutation: You are clumsy. (Dex -2) [Xom's mischief]
  2005 | D:4      | Gained mutation: You are partially covered in iridescent
                  | scales. (AC +2) [Xom's mischief]
  2005 | D:4      | Lost mutation: You are occasionally teleported next to
                  | monsters. [Xom's mischief]
  2051 | D:4      | Found a bloodstained altar of Trog.
  2093 | D:4      | Noticed Sigmund
  2093 | D:4      | XOM: confusion (+ monsters)
  2099 | D:4      | XOM: noise
  2109 | D:4      | Killed Sigmund
  2197 | D:4      | XOM: silly message
  2202 | D:4      | XOM: enchant monster (bad)
  2210 | D:4      | Reached XP level 7. HP: 43/71 MP: 6/6
  2559 | D:5      | Entered Level 5 of the Dungeon
  2596 | D:5      | Reached skill level 7 in Unarmed Combat
  2685 | D:5      | Found a glowing silver altar of Zin.
  2685 | D:5      | Found an iron altar of Okawaru.
  2718 | D:5      | Found a staircase to the Ecumenical Temple.
  2820 | Temple   | Entered the Ecumenical Temple
  2836 | Temple   | XOM: 9-stop teleportation journey
  2951 | D:5      | Found an opulent altar of Gozag.
  3130 | D:5      | XOM: polymorph river rat -> giant cockroach
  3133 | D:5      | Found the +2 ratskin cloak {*Rats rPois rN+ Str-1 Int-1
                  | Dex+1}
  3137 | D:5      | Reached skill level 8 in Unarmed Combat
  3139 | D:5      | Reached skill level 5 in Fighting
  3156 | D:5      | Reached XP level 8. HP: 65/80 MP: 7/7
  3624 | D:6      | XOM: cleaving
  3639 | D:6      | Found an ancient bone altar of Kikubaaqudgha.
  3647 | D:6      | XOM: scenery: create altars
  3685 | D:6      | XOM: scenery: summon butterflies
  3752 | D:6      | Reached skill level 9 in Unarmed Combat
  3774 | D:6      | XOM: snakes to sticks
  3949 | D:6      | Found a stormy altar of Qazlal.
  4044 | D:7      | XOM: enchant monster (good)
  4055 | D:7      | Reached skill level 1 in Throwing
  4221 | D:7      | Reached XP level 9. HP: 81/89 MP: 8/8
  4230 | D:7      | Reached skill level 10 in Unarmed Combat
  4431 | D:7      | XOM: potion effect (brilliance)
  4526 | D:7      | Found a burning altar of Makhleb.
  4750 | D:8      | Found Reepna's Retail Resort.
  4813 | D:8      | XOM: polymorph orc warrior -> boggart
  4899 | D:8      | XOM: give mutations
  4899 | D:8      | Gained mutation: You have a pair of small antennae on your
                  | head. [Xom's grace]
  4899 | D:8      | Gained mutation: You are mostly covered in iridescent
                  | scales. (AC +4) [Xom's grace]
  4899 | D:8      | Gained mutation: Your mind is very acute. (Int +8, Str/Dex
                  | -2) [Xom's grace]
  4899 | D:8      | Gained mutation: You are completely covered in iridescent
                  | scales. (AC +6) [Xom's grace]
  5023 | D:8      | XOM: divination: detect items
  5061 | D:8      | Reached skill level 11 in Unarmed Combat
  5232 | D:8      | XOM: god gift: book of the Hunter
  5454 | D:9      | Noticed Maurice
  5474 | D:9      | Killed Maurice
  5513 | D:9      | XOM: summons friendly crimson imp
  5514 | D:9      | XOM: noise
  5520 | D:9      | Reached XP level 10. HP: 63/102 MP: 9/9
  5668 | D:9      | XOM: polymorph crimson imp -> white imp
  5715 | D:9      | XOM: blink monster(s)
  5764 | D:9      | XOM: 2-stop teleportation journey
  5823 | D:9      | XOM: enchant monster (bad)
  5987 | D:10     | Entered Level 10 of the Dungeon
  5991 | D:10     | Found Helu Rue's Weapon Emporium.
  6015 | D:10     | Reached skill level 12 in Unarmed Combat
  6169 | D:10     | Found a staircase to the Lair.
  6190 | D:10     | Found Cariorim's Antique Weapon Boutique.
  6193 | D:10     | Found Ykhud's Assorted Antiques.
  6193 | D:10     | Found Pozub's Magic Scroll Boutique.
  6195 | D:10     | Found Loghiyt's Jewellery Boutique.
  6242 | D:10     | Found a white marble altar of Elyvilon.
  6477 | D:10     | Found Omestyonla's Distillery.
  6480 | D:10     | Bought a potion of might for 44 gold pieces
  6564 | D:10     | Found Zecuom's Jewellery Shop.
  6565 | D:10     | Found Mucvuafayr's Distillery.
  6567 | D:10     | XOM: repel stairs
  6604 | D:10     | Bought a potion of haste for 160 gold pieces
  6604 | D:10     | Bought a potion of mutation for 128 gold pieces
  6643 | D:10     | Reached skill level 5 in Throwing
  6798 | Lair:1   | Entered Level 1 of the Lair of Beasts
  6824 | Lair:1   | Noticed a cane toad
  6847 | Lair:1   | Killed a cane toad
  6905 | Lair:1   | Noticed a cane toad
  6907 | Lair:1   | Noticed Amaemon
  6907 | Lair:1   | Noticed a black mamba
  6911 | Lair:1   | Killed a cane toad
  6912 | Lair:1   | Noticed an orange demon
  6914 | Lair:1   | Killed a black mamba
  6917 | Lair:1   | XOM: summons friendly ufetubus
  6920 | Lair:1   | XOM: confuse monster(s)
  6923 | Lair:1   | Killed an orange demon
  6924 | Lair:1   | Killed Amaemon
  6925 | Lair:1   | Reached skill level 13 in Unarmed Combat
  6929 | Lair:1   | Reached XP level 11. HP: 111/111 MP: 10/10
  7115 | Lair:2   | XOM: summons friendly shadow imp
  7135 | Lair:2   | XOM: confusion (+ monsters)
  7149 | Lair:3   | Noticed Nessos
  7168 | Lair:3   | XOM: potion effect (invisibility)
  7249 | Lair:3   | Killed Nessos
  7250 | Lair:3   | Reached skill level 14 in Unarmed Combat
  7391 | Lair:3   | XOM: 1-stop teleportation journey
  7428 | Lair:3   | Noticed a seven-headed hydra
  7432 | Lair:3   | XOM: noise
  7433 | Lair:3   | Killed a seven-headed hydra
  7434 | Lair:3   | Reached skill level 1 in Armour
  7590 | Lair:4   | XOM: potion effect (invisibility)
  7614 | Lair:4   | Noticed Josephine
  7627 | Lair:4   | Killed Josephine
  7628 | Lair:4   | Reached XP level 12. HP: 87/123 MP: 11/11
  7638 | Lair:4   | XOM: divination: detect creatures
  7658 | Lair:4   | Identified the +12 long sword of Annoyance {antimagic,
                  | Int+3 Stlth+}
  7704 | Lair:4   | XOM: divination: detect creatures
  7768 | Lair:4   | XOM: divination: detect items
  7772 | Lair:4   | XOM: fake destruction
  7778 | Lair:4   | XOM: summons friendly white imp
  7804 | Lair:4   | Noticed a death yak
  7806 | Lair:4   | XOM: polymorph white imp -> shadow imp
  7812 | Lair:4   | Noticed a death yak
  7824 | Lair:4   | Noticed a death yak
  7826 | Lair:3   | XOM: noise
  7830 | Lair:3   | Killed a death yak
  7916 | Lair:3   | XOM: god gift: 21 gold pieces
  7940 | Lair:4   | XOM: summons friendly quasit
  7941 | Lair:4   | Noticed a death yak
  7948 | Lair:3   | Killed a death yak
  7954 | Lair:3   | XOM: scenery: summon butterflies
  8179 | Lair:3   | Reached skill level 15 in Unarmed Combat
  8431 | Lair:5   | Entered Level 5 of the Lair of Beasts
  8452 | Lair:5   | XOM: polymorph yak -> human
  8455 | Lair:5   | XOM: scenery: summon butterflies
  8518 | Lair:5   | Noticed a seven-headed hydra
  8526 | Lair:5   | XOM: cast spell 'Summon Cactus Giant'
  8535 | Lair:5   | Killed a seven-headed hydra
  8536 | Lair:5   | Reached skill level 10 in Fighting
  8546 | Lair:5   | XOM: cleaving
  8549 | Lair:5   | XOM: cast spell 'Summon Mana Viper'
  8559 | Lair:5   | XOM: confusion
  8659 | Lair:5   | Found a runed translucent door.
  8662 | Lair:5   | Found a staircase to the Slime Pits.
  8691 | Slime:1  | Entered Level 1 of the Pits of Slime
  8750 | Lair:5   | Found a gate leading to a gauntlet.
  8752 | Lair:5   | XOM: scenery: summon butterflies
  8756 | Lair:5   | XOM: divination: magic mapping
  8768 | Gauntlet | Entered a Gauntlet
  8768 | Gauntlet | Found a transporter.
  8771 | Gauntlet | Noticed a reaper
  8780 | Gauntlet | Found a transporter.
  8796 | Gauntlet | Found a transporter.
  8799 | Gauntlet | Noticed a blizzard demon
  8800 | Gauntlet | Found a transporter.
  8815 | Gauntlet | Found a transporter.
  8827 | Gauntlet | Noticed a blizzard demon
  8828 | Gauntlet | Found a transporter.
  8841 | Gauntlet | Found a transporter.
  8859 | Gauntlet | Found a transporter.
  8863 | Gauntlet | Found a transporter.
  8871 | Gauntlet | Found a transporter.
  8901 | Gauntlet | Found a transporter.
  8901 | Gauntlet | Found a transporter.
  8934 | Gauntlet | XOM: stat loss: -1 Str (29/30)
  8964 | Gauntlet | Reached XP level 13. HP: 133/133 MP: 12/12
  8981 | Gauntlet | Reached skill level 5 in Armour
  8991 | Gauntlet | XOM: potion effect (curing)
  9002 | Gauntlet | HP: 4/199 [sixfirhy (9)]
  9004 | Gauntlet | Mangled by a sixfirhy

Illustrated notes

Levels and vault maps discovered:
D:1:      beargit_arrival_greenhouse, layout_basic, minmay_misc_feat_room
D:2:      layout_basic
D:3:      layout_rooms, general_overflow_altar, gammafunk_ghost_abyssal_escape,
          dreamdust_ecumenical_altar_statues, uniq_crazy_yiuf_cottage
D:4:      layout_basic, trog_hazing_becter, grunt_ministairs_13, uniq_sigmund
D:5:      wander_guarded_unrand_ratskin, layout_basic,
          gammafunk_temple_overflow_pools,
          nicolae_gozag_cash_rules_everything_around_me, temple_fountains,
          kennysheep_doodads, dreamdust_mushroom_princess
D:6:      layout_rooms, mainiacjoe_overflow_small_starburst,
          mainiacjoe_overflow_alcove_2
D:7:      layout_basic, makhleb_grotto_becter
D:8:      layout_basic, nicolae_alphabet_shops, roderic_batcave,
          minmay_misc_feat_tiny, minmay_crystal_room
D:9:      layout_basic, uniq_maurice
D:10:     layout_roguey, elyvilon_altar_1, lair_entry_dummy, serial_shops,
          kennysheep_mini_moat, nicolae_shop_waterfront, shop, shop,
          minmay_shop_grid_forest, kennysheep_path_1, minivault_19
Temple:   nicolae_temple_bog_church
Lair:1:   layout_regular_city, patterned_corridor, lemuel_fruit_tree,
          grunt_megastairs_5, uniq_amaemon, uniq_erica
Lair:2:   layout_gridlike, minmay_shoals_entry_hut, dummy_spider_entry,
          st_stairs_3, minivault_19, grunt_megastairs_4
Lair:3:   layout_gridlike, uniq_nessos
Lair:4:   layout_small_grid, uniq_josephine
Lair:5:   hellmonk_lair_end_abyssal_woods, layout_cave_pods, slime_entry_2,
          gauntlet_entry_generic, chequers_serial_rivers_small_3,
          grunt_forest_large_clearing_hut
Slime:1:  layout_caves
Gauntlet: minmay_gauntlet_mixed_oops_all_seconds
          [minmay_gauntlet_arena_77_double_cross,
          gammafunk_gauntlet_arena_hedges, minmay_gauntlet_arena_77_two_lines,
          gammafunk_gauntlet_arena_teeth, minmay_gauntlet_arena_77_mess,
          gammafunk_gauntlet_arena_arrow_garden,
          dreamdust_gauntlet_exit_labyrinth]

Skill      XL: |  1  2  3  4  5  6  7  8  9 10 11 12 13 |
---------------+----------------------------------------+-----
Unarmed Combat | 4 5 6 8 9 11 13 14 15 | 15.3
Fighting       | 3 4 5 6 7 8 9 10 | 10.2
Throwing       | 1 4 5 7 9 |  9.1
Armour         | 2 4 5 |  5.0
Dodging        | |  1.9

Action                   |  1- 3 |  4- 6 |  7- 9 | 10-12 | 13-15 || total
-------------------------+-------+-------+-------+-------+-------++-------
Melee: Unarmed           |    99 |   112 |   319 |   459 |    30 ||  1019
       Punch             |     3 |     5 |    14 |    32 |       ||    54
Evoke: Piece from Xom's  |       |     3 |       |       |       ||     3
       Lightning rod     |       |       |       |     3 |       ||     3
       Wand              |       |       |       |     4 |       ||     4
  Use: Potion            |       |     3 |     1 |     3 |     7 ||    14
       Scroll            |       |       |    11 |     7 |     2 ||    20
 Stab: Invisible         |       |     1 |       |     7 |       ||     8
       Confused          |       |     1 |       |     1 |       ||     2
       Sleeping          |       |       |     1 |     1 |       ||     2
       Fleeing           |       |       |       |       |     1 ||     1
Armor: Robe              |    41 |    42 |   169 |   223 |    13 ||   488
       Skin              |       |       |       |    19 |    44 ||    63
Dodge: Dodged            |    43 |    71 |   134 |   199 |     9 ||   456
